 Dungeon Crawl Stone Soup version 0.25-a0-1113-g0499d652a8 (webtiles) character file.

Game seed: 11855224804997422838, levelgen mode: classic

78 Amnesiac the Digger (level 4, -1/30 HPs)
             Began as a Vampire Earth Elementalist on May 17, 2020.
             Slain by a gnoll
             ... wielding a +0 club
              (6 damage)
             ... on level 5 of the Dungeon.
             The game lasted 00:02:43 (593 turns).

Amnesiac the Digger (Vampire Earth Elementalist)     Turns: 593, Time: 00:02:44

Health: -1/30      AC:  2    Str:  8    XL:     4   Next: 15%
Magic:  0/8        EV: 12    Int: 17    God:
Gold:   62         SH:  0    Dex: 14    Spells: 5/8 levels left

rFire    . . .     SeeInvis +   d - +0 dagger
rCold    . . .     Gourm    .   (no shield)
rNeg     . . .     Faith    .   c - +0 robe
rPois    .         Spirit   .   (no helmet)
rElec    .         Reflect  .   (no cloak)
rCorr    .         Harm     .   (no gloves)
MR       .....                  (no boots)
Stlth    ++........             (no amulet)
HPRegen  0.30/turn              (no ring)
MPRegen  0.11/turn              (no ring)

@: regenerating quickly, hasted, very quick
A: no food, fangs 3, see invisible, unbreathing
a: Exsanguinate


You were on level 5 of the Dungeon.
You were alive.

You visited 1 branch of the dungeon, and saw 5 of its levels.

You collected 62 gold pieces.

Inventory:

Hand Weapons
 d - a +0 dagger (weapon)
 h - a +2 whip of venom
Missiles
 b - 79 stones (quivered)
Armour
 c - a +0 robe (worn)
 g - a +0 kite shield
 i - a +0 buckler
Scrolls
 e - a scroll of remove curse {!r, unknown}
 f - 2 scrolls of identify {!r, unknown}
 j - a scroll of enchant weapon {!r, unknown}


   Skills:
 - Level 1.0 Short Blades
 - Level 2.1 Dodging
 - Level 3.0 Stealth
 + Level 0.4 Shields
 + Level 2.7 Spellcasting
 - Level 1.1 Transmutations
 * Level 4.3 Earth Magic


You had 5 spell levels left.
You knew the following spells:

 Your Spells              Type           Power        Failure   Level  Hunger
a - Sandblast             Erth           ###...       3%          1    N/A
b - Passwall              Tmut/Erth      ##......     9%          2    N/A

Your spell library contained the following spells:

 Spells                   Type           Power        Failure   Level  Hunger
 Stone Arrow              Conj/Erth      #.....       22%         3    N/A
 Petrify                  Tmut/Erth      ##......     52%         4    N/A
 Lee's Rapid Deconstruct  Erth           ###.......   63%         5    N/A

Dungeon Overview and Level Annotations

Branches:
Dungeon (5/15)
 Temple: D:4-7

Altars:
Elyvilon
Qazlal
Uskayaw


Innate Abilities, Weirdness & Mutations

You do not eat.
Your natural rate of healing is unusually fast.
You have razor-sharp teeth.
You have supernaturally acute eyesight. (SInv)
You can survive without breathing.


Message History

b - 82 stones The gnoll shouts! x2
The gnoll shaman calls upon its god to speed up the gnoll.
The gnoll seems to speed up.
There is a stone staircase leading down here.
Casting: Sandblast (safe; 3% risk of failure)
Confirm with . or Enter, or press ? or * to list all spells.
Aiming: Sandblast (safe; 3% risk of failure)
Press: ? - help, Shift-Dir - straight line, f/p - gnoll shaman
Aim: a gnoll shaman, wielding a +0 whip and wearing a +0 leather armour (heavily wounded)
The blast of sand hits the gnoll shaman.
The gnoll shaman is severely wounded.
b - 81 stones A scorpion comes into view.
Casting: Sandblast (safe; 3% risk of failure)
Confirm with . or Enter, or press ? or * to list all spells.
Aiming: Sandblast (safe; 3% risk of failure)
Press: ? - help, Shift-Dir - straight line, f/p - gnoll shaman
Aim: a gnoll shaman, wielding a +0 whip and wearing a +0 leather armour (severely wounded)
The blast of sand hits the gnoll shaman.
The gnoll shaman is severely wounded.
b - 80 stones The gnoll hits you with a +0 club.
The gnoll shaman calls upon its god to speed up the gnoll.
The gnoll seems to speed up.
Casting: Sandblast (safe; 3% risk of failure)
Confirm with . or Enter, or press ? or * to list all spells.
You don't have enough magic to cast that spell.
The gnoll hits you with a +0 club.
You climb downwards.
Found a dagger.
Found a stone staircase leading down.
There is a stone staircase leading up here.
Casting: Sandblast (safe; 3% risk of failure)
Confirm with . or Enter, or press ? or * to list all spells.
Aiming: Sandblast (safe; 3% risk of failure)
Press: ? - help, Shift-Dir - straight line, f - gnoll
Aim: a gnoll, wielding a +0 club (fast)
The blast of sand hits the gnoll!
The gnoll is severely wounded.
b - 79 stones The gnoll hits you with a +0 club!
* * * LOW HITPOINT WARNING * * *
The gnoll barely misses you.
You barely miss the gnoll.
The gnoll is severely wounded.
The gnoll hits you with a +0 club.
* * * LOW HITPOINT WARNING * * *
Casting: Sandblast (safe; 3% risk of failure)
Confirm with . or Enter, or press ? or * to list all spells.
You don't have enough magic to cast that spell.
You hit the gnoll.
The gnoll is severely wounded.
The gnoll hits you with a +0 club.
* * * LOW HITPOINT WARNING * * *
Casting: Sandblast (safe; 3% risk of failure)
Confirm with . or Enter, or press ? or * to list all spells.
You don't have enough magic to cast that spell.
You are too injured to fight recklessly!
Really quaff
a - a sedimented yellow potion {!q}? [Y]es or [N]o only, please.
Really quaff
a - a sedimented yellow potion {!q}?
It was a potion of haste {!q}.
You feel yourself speed up. The gnoll hits you with a +0 club.
You die...

. .. ... ##.
)... ....
..... ###
.....
#...#.#......
#....@g......
##...........
#...........
#...........
#...........
............
#.##.......##
## ##>..####


You could see a gnoll (fast).

Vanquished Creatures
  5 gnolls
  An ooze (D:1)
  A worm (D:2)
  4 bats
  5 goblins
  3 hobgoblins
  2 frilled lizards
  3 kobolds
  2 rats
26 creatures vanquished.

Notes
Turn   | Place    | Note
-------+----------+-------------------------------------------
     0 | D:1      | Amnesiac the Vampire Earth Elementalist began the quest for
                  | the Orb.
     0 | D:1      | Reached XP level 1. HP: 13/13 MP: 3/3
   207 | D:1      | Reached XP level 2. HP: 17/19 MP: 0/5
   232 | D:1      | Learned a level 2 spell: Passwall
   342 | D:2      | Found a white marble altar of Elyvilon.
   349 | D:2      | Found a stormy altar of Qazlal.
   349 | D:2      | Found a hide-covered altar of Uskayaw.
   413 | D:2      | Reached XP level 3. HP: 24/24 MP: 4/6
   423 | D:2      | Reached skill level 1 in Short Blades
   423 | D:2      | Reached skill level 4 in Earth Magic
   580 | D:4      | Reached XP level 4. HP: 30/30 MP: 5/8
   589 | D:5      | Entered Level 5 of the Dungeon
   593 | D:5      | Slain by a gnoll

Illustrated notes

Levels and vault maps discovered:
D:1:      dpeg_arrival_morbid_curiosity, layout_rooms
D:2:      layout_loops_ring, gammafunk_temple_overflow_elements,
          chequers_temple_overflow_statue_of_worship, first_ration,
          minmay_tall_x
D:3:      layout_rooms, xom_redecorated, uniq_jessica, uniq_sigmund
D:4:      layout_gridville, lemuel_round_altar, dk_noncrumbling_2,
          lightli_corner_chamber, uniq_eustachio, uniq_pikel
D:5:      layout_cave_pools, kennysheep_another_room

Skill      XL: |  1  2  3 |
---------------+----------+-----
Short Blades   | 1 |  1.0
Earth Magic    | 4 |  4.3
Dodging        | |  2.1
Stealth        | |  3.0
Shields        | |  0.4
Spellcasting   | |  2.7
Transmutations | |  1.1

Action                   |  1- 3 |  4- 6 || total
-------------------------+-------+-------++-------
Melee: Unarmed           |    33 |       ||    33
       Bite              |     2 |       ||     2
       Dagger            |     8 |     2 ||    10
 Cast: Sandblast         |    28 |     7 ||    35
  Use: Potion            |       |     1 ||     1
 Stab: Sleeping          |     5 |       ||     5
Armor: Robe              |    14 |       ||    14
Dodge: Dodged            |    53 |     2 ||    55

Table legend:
 A = Non-vault XP
 B = Vault XP
 C = Vault XP percentage of total XP
 D = Non-vault monster count
 E = Vault monster count
 F = Vault count percentage of total count
                 A         B        C        D         E       F
            +---------+---------+-------+---------+---------+-------
      Total |     104 |       8 |   7.1 |      22 |       4 |  15.4
            +---------+---------+-------+---------+---------+-------
        D:1 |      15 |       8 |  34.8 |       6 |       4 |  40.0
        D:2 |      57 |       0 |   0.0 |      11 |       0 |   0.0
        D:3 |       4 |       0 |   0.0 |       3 |       0 |   0.0
        D:4 |      28 |       0 |   0.0 |       2 |       0 |   0.0
            +---------+---------+-------+---------+---------+-------
